 Dungeon Crawl Stone Soup version bcrawl-1.40.2 (webtiles) character file.

Game seed: 5156785030334449258

430343 Queen the Fighter (level 15, -3/122 HPs)
             Began as a Pale Draconian Transmuter on Nov 12, 2023.
             Was the Champion of Wu Jian.
             Killed from afar by a thorn hunter (21 damage)
             ... with a volley of thorns
             ... on level 3 of the Swamp on Nov 13, 2023.
             The game lasted 02:08:17 (27421 turns).

Queen the Fighter (Pale Draconian Transmuter)      Turns: 27421, Time: 02:08:17

Health: -3/122     AC: 16    Str: 12    XL:     15   Next: 59%
Magic:  24/30      EV: 19    Int: 18    God:    Wu Jian [******]
Gold:   1907       SH:  0    Dex: 14    Spells: 16/37 levels left

rFire    + . .     GDR:     26%   - Blade hands (34.2)
rCold    + . .     SeeInvis .   (shield currently unavailable)
rNeg     . . .     Gourm    .   (armour unavailable)
rPois    +         Faith    .   K - +1 hat
rElec    .         Spirit   .   E - +1 cloak {rPois}
rCorr    .         Reflect  .   (gloves currently unavailable)
MR       +....     Clarity  +   G - +2 pair of boots
Stlth    +.........             N - amulet of the acrobat
HPRegen  0.30/turn              I - ring of protection from cold
MPRegen  0.22/turn              Q - ring of protection from fire

@: blade hands, very slow
A: breathe steam, unfitting armour, clarity, frail 1, shaggy fur 1,
cold-blooded, AC +9
a: Breathe Steam, End Transformation, Wall Jump, Serpent's Lash, Heavenly Storm,
Renounce Religion


You were on level 3 of the Swamp.
You worshipped Wu Jian.
Wu Jian was exalted by your worship.
You were hungry.
You had blades for hands.
You visited 4 branches of the dungeon, and saw 22 of its levels.

You collected 2079 gold pieces.
You spent 172 gold pieces at shops.

Inventory:

Missiles
 l - 1815 arrows
 C - a throwing net {=f}
Armour
 d - a +0 pair of gloves (melded)
 E - a +1 cloak of poison resistance (worn)
 G - a +2 pair of boots (worn)
 K - a +1 hat (worn)
Magical Staves
 a - an uncursed staff of wizardry (melded)
Jewellery
 p - an uncursed ring of wizardry
 I - a ring of protection from cold (left scythe-like blade)
 N - an amulet of the acrobat (around neck)
 Q - a ring of protection from fire (right scythe-like blade)
 V - a +1 ring of slaying {unknown}
Wands
 v - a wand of iceblast (20)
 x - a wand of paralysis (16)
 B - a wand of polymorph (8)
 D - a wand of digging (8)
 J - a wand of flame (13)
 L - a wand of random effects (8)
 M - a wand of charming (17)
 T - a wand of clouds (2)
Scrolls
 f - 6 scrolls of remove curse
 i - 4 scrolls of identify
 k - 6 scrolls of amnesia
 o - 9 scrolls of teleportation
 r - 3 scrolls of enchant weapon
 s - 5 scrolls of fear
 t - 3 scrolls of blinking
 u - 7 scrolls of immolation
 y - 3 scrolls of revelation
 z - 4 scrolls of fog {unknown}
 A - 7 scrolls of enchant armour {unknown}
 F - a scroll of vulnerability {unknown}
 H - a scroll of silence
 X - a scroll of acquirement {unknown}
Potions
 b - a potion of ambrosia
 c - 6 potions of lignification
 g - 3 potions of agility
 j - 4 potions of flight
 m - 2 potions of brilliance
 n - 3 potions of magic
 q - 4 potions of might
 w - 2 potions of haste
 O - 4 potions of curing
 P - a potion of cancellation
 R - a potion of mutation
 S - a potion of heal wounds
Miscellaneous
 h - a lightning rod (4/4)
 U - 2 phantom mirrors
Comestibles
 e - 30 rations {!d}
 W - 2 chunks of flesh


   Skills:
 + Level 13.2 Fighting
 + Level 11.5 Dodging
 + Level 12.6 Unarmed Combat
 + Level 11.5 Spellcasting
 + Level 12.4 Transmutations
 - Level 8.0 Evocations


You had 16 spell levels left.
You knew the following spells:

 Your Spells              Type           Power        Failure   Level  Hunger
a - Blade Hands           Tmut           ######....   16%         5    ###....
b - Sticks to Snakes      Tmut           ######..     6%          2    None
c - Ice Form              Ice/Tmut       ####....     34%         4    None
d - Spider Form           Tmut/Pois      ###          19%         3    None
e - Passwall              Tmut/Erth      ####....     14%         2    None
f - Beastly Appendage     Tmut           ######       5%          1    None
g - Yara's Violent Unrav  Hex/Tmut       ####......   34%         4    None

Your spell library contained the following spells:

 Spells                   Type           Power        Failure   Level  Hunger
 Apportation              Tloc           ##....       38%         1    None
 Corona                   Hex            ##.....      38%         1    None
 Infusion                 Chrm           ##......     38%         1    None
 Magic Dart               Conj           ##..         38%         1    None
 Sandblast                Erth           ##....       38%         1    None
 Slow                     Hex            ##......     38%         1    None
 Summon Butterflies       Summ           ##......     38%         1    None
 Summon Small Mammal      Summ           ##..         38%         1    None
 Call Imp                 Summ           ##....       47%         2    None
 Searing Ray              Conj           ##......     47%         2    None
 Shackle                  Hex            ##......     47%         2    None
 Irradiate                Conj/Tmut      ####......   54%         5    ###....
 Call Canine Familiar     Summ           ##......     63%         3    None
 False Image              Hex/Summ       ##......     63%         3    None
 Inner Flame              Hex/Fire       N/A          63%         3    None
 Iskenderun's Mystic Bla  Conj           ##......     63%         3    None
 Cause Fear               Hex            ##........   90%         4    None
 Fulminant Prism          Conj/Hex       ##........   90%         4    None
 Summon Ice Beast         Ice/Summ       ##......     90%         4    None
 Summon Lightning Spire   Summ/Air       ##......     99%         5    ###....
 Haunt                    Necr/Summ      ##........   100%        7    ######.
 Malign Gateway           Summ/Tloc      ##........   100%        7    ######.
 Monstrous Menagerie      Summ           ##........   100%        7    ######.
 Spellforged Servitor     Conj/Summ      ##........   100%        7    ######.
 Summon Greater Demon     Summ           ##........   100%        7    ######.
 Summon Horrible Things   Summ           ##........   100%        8    #######


Dungeon Overview and Level Annotations

Branches:
Dungeon (12/12)            Temple (1/1) D:5            Lair (6/6) D:7
  Swamp (3/3) Lair:3       Shoals (0/3) Lair:3          Orc (0/1) D:11
    Elf (0/3) Lair:6       Vaults (0/3) D:11         Depths (0/5) D:12

Altars:
Ashenzari
Dithmenos
Elyvilon
Gozag
Hepliaklqana
Kikubaaqudgha
Lugonu
Makhleb
Nemelex Xobeh
Okawaru
Qazlal
Ru
Sif Muna
Trog
Uskayaw
Vehumet
Wu Jian
Yredelemnul
Zin

Shops:
D:4 *   D:5 *   D:6 [   D:10 [   D:11 }

Portals:
Hell: Lair:6

Annotations:
D:10 exclusion: downstairs
D:12 3 runed translucent doors, exclusion: obsidian statue, kuniqs's ghost, journeyman HOFi
Lair:4 exclusion: downstairs
Lair:5 exclusion: downstairs
Lair:6 3 runed translucent doors, yrara's ghost, journeyman DsFi
Swamp:1 exclusion: downstairs


Innate Abilities, Weirdness & Mutations

You can breathe blasts of scalding, opaque steam.
Your pale cyan-grey scales are hard. (AC +9)
You cannot fit into any form of body armour.
You are cold-blooded and may be slowed by cold attacks.
You possess an exceptional clarity of mind.
You are frail. (-10% HP)
You are covered in fur. (AC +1)


Message History

You warm up again.
Your uncursed staff of wizardry unmelds from your body.
Your +1 hat unmelds from your body.
Your +0 pair of gloves unmelds from your body.
Your +2 pair of boots unmelds from your body.
The thorn hunter completely misses you. The thorn hunter hits you.
* * * LOW HITPOINT WARNING * * *
Okay, then.
Press: ? - help, v - describe, . - travel
Here: a thorn hunter (almost destroyed)
Casting: Ice Form (safe; 2% risk of failure)
Confirm with . or Enter, or press ? or * to list all spells.
Your hands turn into razor-sharp scythe blades.
Your uncursed staff of wizardry melds into your body.
Your +0 pair of gloves melds into your body.
The briar patch crumbles away.
The thorn hunter closely misses you. The thorn hunter misses you.
The thorn hunter fires a volley of thorns at you.
The volley of thorns hits you!!
You die...

...♣♣ ≈≈≈≈.♣ ..≈..
..≈≈.. ≈≈.... §.≈≈≈
≈.♣... ♣♣.$♣
≈≈.≈≈.♣♣♣.≈≈♣
≈≈≈≈≈..≈≈≈≈≈♣
≈.≈≈≈≈≈≈≈≈≈.♣
♣≈≈≈≈.?≈≈f@♣♣♣ ≈.
♣♣...≈.≈≈≈♣≈.♣ ..
≈.≈≈♣♣≈≈.≈♣♣≈♣ ♣♣♣♣♣≈
≈≈♣
♣♣♣..♣♣≈♣♣♣..≈.♣♣♣ ♣
♣♣♣♣♣.P≈...≈≈≈≈≈♣
♣♣≈♣≈≈♣P≈≈..≈.≈≈.♣
♣♣♣♣...†≈≈PP≈.≈..≈≈.♣
♣≈≈≈.≈≈.≈≈PP≈.♣<...♣♣
♣♣≈♣≈♣♣.≈≈PP..≈...♣♣


You could see a thorn hunter.

Vanquished Creatures
  Gastronok (Lair:1)
  A thorn hunter (Swamp:2)
  An orc warlord (D:10)
  2 juggernaut zombies (D:12)
  Snorg (D:12)
  4 vault guards (D:11)
  A ghost crab (Swamp:2)
  14 hydras
  A shambling mangrove (Swamp:1)
  3 alligators
  A two-headed ogre (D:12)
  A vampire mage (D:12)
  An ogre mage (D:11)
  A tengu warrior (D:12)
  3 spriggans
  A deep troll (D:12)
  A fire crab (Lair:4)
  2 skeletal warriors (D:12)
  A deep elf archer (D:11)
  A wolf spider zombie (D:11)
  A harpy (D:11)
  3 swamp dragons
  A wizard (Lair:6)
  A wolf spider (D:11)
  An orc knight (D:11)
  A cyclops (D:12)
  An oklob plant (Lair:3)
  A necromancer (D:12)
  5 ugly things
  A manticore (D:11)
  2 deep elf magi (D:12)
  5 elephants
  6 black mambas
  A smoke demon (Lair:6)
  6 will-o'-wisps (Swamp:2)
  3 orange demons (Lair:6)
  3 gargoyles
  2 torpor snails
  8 komodo dragons
  15 cane toads
  2 yaktaurs (D:11)
  5 rime drakes
  2 eyes of draining
  An ice devil (Lair:6)
  6 tengu conjurers
  A red devil (Lair:6)
  2 polar bears (Lair:5)
  5 trolls
  8 tyrant leeches
  8 hornets
  8 hippogriffs
  4 bog bodies
  16 blink frogs
  2 meliai zombies (D:11)
  17 dream sheep
  2 wraiths
  5 basilisks
  A wyvern (Lair:2)
  2 deep troll skeletons (D:12)
  A shadow (D:11)
  56 yaks
  3 hungry ghosts
  7 vampire mosquitoes
  10 swamp worms
  3 two-headed ogre zombies (D:11)
  9 crocodiles
  12 porcupines
  4 hell hounds (Lair:6)
  9 water moccasins
  4 swamp drakes
  A cane toad skeleton (D:10)
  4 orc warriors
  4 phantoms
  4 sky beasts
  An ice beast (D:5)
  13 wolves
  A necrophage (D:7)
  3 ogres
  Blork the orc (D:5)
  12 bullfrogs
  A kobold brigand (D:6)
  A gnoll sergeant (D:9)
  2 centaurs
  2 water moccasin skeletons
  An electric eel (Lair:3)
  2 howler monkeys
  7 orc priests
  3 crimson imps
  5 hounds
  7 orc wizards
  A jelly (D:9)
  2 bullfrog skeletons
  2 iguanas
  3 worker ants (D:4)
  5 ogre zombies (D:11)
  A hound skeleton (D:7)
  Robin (D:2)
  7 gnolls
  12 adders
  4 shadow imps
  An adder skeleton (D:8)
  4 worms
  A dart slug (D:2)
  5 leopard geckos
  35 orcs
  A bat (D:2)
  5 giant cockroaches
  12 goblins
  14 hobgoblins
  11 jackals
  6 kobolds
  2 quokkas
  3 frilled lizards
  A goblin skeleton (D:11)
  3 goblin zombies (D:11)
  A hobgoblin skeleton (D:11)
  4 hobgoblin zombies (D:11)
  3 orc skeletons (D:11)
  13 orc zombies (D:11)
  A quokka skeleton (D:2)
  7 rats
  A bush (Lair:4)
  2 plants
573 creatures vanquished.

Vanquished Creatures (collateral kills)
  A sun demon (Lair:6)
  2 goblins (D:2)
  A hobgoblin (D:2)
  A kobold (D:2)
5 creatures vanquished.

Vanquished Creatures (others)
  An alligator (Swamp:2)
  9 fungi
  A plant (Lair:3)
  2 withered plants (D:12)
13 creatures vanquished.

Grand Total: 591 creatures vanquished

Notes
Turn   | Place    | Note
-------+----------+-------------------------------------------
     0 | D:1      | Queen the Draconian Transmuter began the quest for the Orb.
     0 | D:1      | Reached XP level 1. HP: 16/16 MP: 3/3
   425 | D:1      | Reached XP level 2. HP: 23/23 MP: 1/5
  1020 | D:2      | Learned a level 2 spell: Sticks to Snakes
  1023 | D:2      | Learned a level 2 spell: Passwall
  1262 | D:2      | Reached XP level 3. HP: 28/28 MP: 4/6
  1366 | D:2      | Noticed Robin
  1502 | D:2      | Killed Robin
  1570 | D:2      | Reached skill level 2 in Fighting
  1570 | D:2      | Reached XP level 4. HP: 36/36 MP: 5/7
  2206 | D:3      | Noticed an ogre
  2223 | D:2      | Learned a level 3 spell: Spider Form
  2232 | D:3      | Killed an ogre
  2233 | D:3      | Reached XP level 5. HP: 42/42 MP: 4/9
  3541 | D:4      | Reached XP level 6. HP: 38/50 MP: 10/10
  3700 | D:4      | Reached skill level 3 in Fighting
  3946 | D:4      | Found Roseywn's Assorted Antiques.
  3989 | D:4      | Bought a pair of glowing boots for 172 gold pieces
  4458 | D:5      | Entered Level 5 of the Dungeon
  4593 | D:5      | Found Fihebliva's General Store.
  4593 | D:5      | Noticed a sky beast
  4603 | D:5      | Killed a sky beast
  4604 | D:5      | Your scales start taking on a pale cyan-grey colour.
  4604 | D:5      | Reached XP level 7. HP: 49/58 MP: 9/12
  4650 | D:5      | Learned a level 4 spell: Ice Form
  4661 | D:5      | Noticed Blork the orc
  4777 | D:5      | Found a staircase to the Ecumenical Temple.
  4791 | Temple   | Entered the Ecumenical Temple
  4820 | Temple   | Became a worshipper of the Wu Jian Council
  5037 | D:5      | Found a corrupted altar of Lugonu.
  5137 | D:5      | Killed Blork the orc
  5138 | D:5      | Reached skill level 4 in Fighting
  5234 | D:5      | Found an iron altar of Okawaru.
  5238 | D:5      | Reached skill level 5 in Unarmed Combat
  5310 | D:6      | Found Vahe's Armour Shoppe.
  5463 | D:6      | Reached XP level 8. HP: 60/67 MP: 12/14
  5467 | D:6      | Reached * piety under Wu Jian
  6290 | D:7      | Reached skill level 5 in Fighting
  6290 | D:7      | Reached skill level 5 in Transmutations
  6415 | D:7      | Found a staircase to the Lair.
  6415 | D:7      | Noticed a hippogriff
  6637 | D:7      | Killed a hippogriff
  6638 | D:7      | Reached skill level 5 in Dodging
  6638 | D:7      | Reached skill level 5 in Spellcasting
  6781 | D:7      | Reached XP level 9. HP: 75/75 MP: 11/16
  6802 | D:7      | Noticed a troll
  6809 | D:7      | Killed a troll
  6846 | D:7      | Noticed a gargoyle
  6862 | D:7      | Killed a gargoyle
  6863 | D:7      | Reached skill level 6 in Fighting
  6977 | D:7      | Reached ** piety under Wu Jian
  7905 | Lair:1   | Entered Level 1 of the Lair of Beasts
  7912 | Lair:1   | Learned a level 5 spell: Blade Hands
  8077 | Lair:1   | Reached skill level 7 in Fighting
  8092 | Lair:1   | Reached XP level 10. HP: 75/86 MP: 13/19
  8192 | Lair:1   | Noticed a cane toad
  8200 | Lair:1   | Killed a cane toad
  8391 | Lair:1   | Noticed Gastronok
  8580 | Lair:1   | Killed Gastronok
  8581 | Lair:1   | Reached skill level 8 in Fighting
  8581 | Lair:1   | Reached XP level 11. HP: 48/95 MP: 15/22
  9681 | Lair:2   | Reached skill level 9 in Fighting
  9738 | Lair:2   | Reached *** piety under Wu Jian
 10419 | Lair:3   | Noticed a four-headed hydra
 10434 | Lair:3   | Killed a four-headed hydra
 10443 | Lair:3   | Reached XP level 12. HP: 71/106 MP: 15/24
 10633 | Lair:3   | Found a staircase to the Shoals.
 10668 | Lair:3   | Noticed an eight-headed hydra
 10696 | Lair:3   | Killed an eight-headed hydra
 10841 | Lair:3   | Found a staircase to the Swamp.
 10870 | Lair:3   | Reached skill level 10 in Fighting
 11376 | Lair:3   | Reached **** piety under Wu Jian
 12052 | Lair:4   | Reached skill level 10 in Unarmed Combat
 13113 | Lair:5   | Noticed an alligator
 13119 | Lair:5   | Reached skill level 1 in Evocations
 13123 | Lair:5   | Killed an alligator
 13124 | Lair:5   | Reached skill level 10 in Transmutations
 13240 | Lair:3   | HP: 5/108 [elephant (7)]
 13610 | Lair:5   | Reached XP level 13. HP: 114/114 MP: 26/26
 15085 | Lair:6   | Entered Level 6 of the Lair of Beasts
 15230 | Lair:6   | Found a runed translucent gate.
 15233 | Lair:6   | Found a runed translucent gate.
 15234 | Lair:6   | Found a runed translucent gate.
 15240 | Lair:6   | Noticed yrara's ghost (journeyman DsFi)
 15273 | Lair:6   | Reached skill level 11 in Fighting
 15440 | Lair:6   | Gained mutation: You are frail. (-10% HP) [potion of
                  | mutation]
 15440 | Lair:6   | Gained mutation: You possess an exceptional clarity of
                  | mind. [potion of mutation]
 15440 | Lair:6   | Gained mutation: You are covered in fur. (AC +1) [potion of
                  | mutation]
 15456 | Lair:6   | HP: 6/124 [poisoned by a black mamba]
 15913 | Lair:6   | Found a staircase to the Elven Halls.
 16002 | Lair:6   | Reached skill level 10 in Spellcasting
 16094 | Lair:6   | Reached skill level 10 in Dodging
 16443 | Lair:6   | Reached skill level 5 in Evocations
 16451 | Lair:6   | Found a large runed door.
 16452 | Lair:6   | Found a large runed door.
 16903 | Lair:6   | Found a burning altar of Makhleb.
 16924 | Lair:6   | Reached ***** piety under Wu Jian
 17292 | Lair:6   | Found a gateway to Hell.
 18412 | D:9      | Reached XP level 14. HP: 94/112 MP: 22/28
 18587 | D:9      | Found a shadowy altar of Dithmenos.
 19462 | D:10     | Entered Level 10 of the Dungeon
 19636 | D:10     | Found Udot's Antique Armour Emporium.
 19785 | D:10     | Found an ornate altar of the Wu Jian Council.
 20107 | D:10     | Noticed an orc warlord
 20133 | D:10     | Killed an orc warlord
 20134 | D:10     | Reached skill level 12 in Fighting
 20247 | D:10     | Got an encrusted short sword
 20256 | D:10     | Got a dazzling hunting sling
 20795 | D:11     | Found a staircase to the Orcish Mines.
 20881 | D:11     | Found a frozen archway.
 21179 | D:11     | Found Ufant's Gadget Shop.
 21229 | D:11     | Reached ****** piety under Wu Jian
 21436 | D:11     | Got a scintillating bronze ring
 22547 | D:11     | Found a gate to the Vaults.
 22637 | D:11     | Identified the cursed ring "Doagrop" {Ice Int+4} (You found
                  | it on level 11 of the Dungeon)
 22677 | D:12     | Entered Level 12 of the Dungeon
 22971 | D:12     | Identified the +5 short sword "Peonn" {freeze, +Fly rN+
                  | Int+2} (You found it on level 10 of the Dungeon)
 22972 | D:12     | Identified the cursed +2 hunting sling of Dishonesty
                  | {venom, rF+ rN+ MR-} (You found it on level 10 of the
                  | Dungeon)
 23029 | D:12     | Found a runed translucent gate.
 23029 | D:12     | Found a runed translucent gate.
 23029 | D:12     | Found a runed translucent gate.
 23032 | D:12     | Found an opulent altar of Gozag.
 23034 | D:12     | Noticed kuniqs's ghost (journeyman HOFi)
 23067 | D:12     | Found a staircase to the Depths.
 23597 | D:12     | Reached XP level 15. HP: 39/120 MP: 22/30
 23971 | D:12     | Noticed Snorg
 23988 | D:12     | Killed Snorg
 24360 | Swamp:1  | Entered Level 1 of the Swamp
 25916 | Swamp:1  | Reached skill level 13 in Fighting
 25971 | Swamp:2  | Noticed a thorn hunter
 25985 | Swamp:2  | Killed a thorn hunter
 26441 | Swamp:2  | Found a hazy altar of Hepliaklqana.
 26680 | Swamp:2  | Learned a level 4 spell: Yara's Violent Unravelling
 27336 | Swamp:3  | Entered Level 3 of the Swamp
 27402 | Swamp:3  | Noticed a thorn hunter
 27421 | Swamp:3  | Killed from afar by a thorn hunter

Skill      XL: |  1  2  3  4  5  6  7  8  9 10 11 12 13 14 15 |
---------------+----------------------------------------------+-----
Dodging        | 2 3 4 5 6 7 8 9 10 11 | 11.5
Fighting       | 2 3 4 5 7 8 9 10 11 12 13 | 13.2
Transmutations | 3 4 5 6 7 9 10 11 12 | 12.4
Unarmed Combat | 4 5 6 7 8 9 10 11 12 | 12.6
Spellcasting   | 3 4 5 6 7 8 9 10 11 | 11.5
Evocations     | 2 5 7 8 |  8.0

Action                   |  1- 3 |  4- 6 |  7- 9 | 10-12 | 13-15 || total
-------------------------+-------+-------+-------+-------+-------++-------
Melee: Unarmed           |   121 |   192 |   230 |   433 |  1215 ||  2191
       Tailslap          |     7 |    13 |     4 |    52 |   144 ||   220
       Kick              |     6 |    13 |       |       |       ||    19
       Headbutt          |     6 |     4 |       |       |       ||    10
       Punch             |       |     1 |     2 |    15 |    54 ||    72
       Staff             |       |     2 |     9 |     9 |    34 ||    54
 Cast: Beastly Appendage |    28 |    16 |       |       |       ||    44
       Sticks to Snakes  |     4 |       |       |       |     1 ||     5
       Spider Form       |       |    19 |    23 |       |       ||    42
       Ice Form          |       |       |    12 |    11 |    19 ||    42
       Blade Hands       |       |       |     3 |    49 |   102 ||   154
 Abil: Lunge             |       |       |    14 |    16 |   102 ||   132
       Breathe Steam     |       |       |     1 |     6 |     6 ||    13
       End Transformatio |       |       |     1 |     2 |    20 ||    23
       Whirlwind         |       |       |     4 |    22 |   119 ||   145
  Use: Scroll            |     1 |     5 |       |     6 |    12 ||    24
       Potion            |       |       |       |     1 |     8 ||     9
 Stab: Distracted        |       |     1 |       |       |     1 ||     2
  Eat: Chunk             |     6 |    18 |    21 |    38 |    43 ||   126
       Ration            |       |       |       |     1 |    11 ||    12
Armor: Skin              |    33 |    34 |    24 |    64 |   175 ||   330
Dodge: Dodged            |    68 |   109 |   149 |   218 |   543 ||  1087
